 Dungeon Crawl Stone Soup version 0.30-a0-793-g160f7cfddd (webtiles) character file.

Game seed: 1199265129126914799

18 Farfigtubin the Sneak (level 2, 0/18 HPs)
             Began as a Kobold Brigand on Feb 19, 2023.
             Slain by a river rat (8 damage)
             ... on level 3 of the Dungeon.
             The game lasted 00:03:21 (452 turns).

Farfigtubin the Sneak (Kobold Brigand)               Turns: 452, Time: 00:03:22

Health: 0/18       AC:  3    Str:  8    XL:     2   Next: 85%
Magic:  2/2        EV: 14    Int: 12    God:
Gold:   30         SH:  0    Dex: 16    Spells: 1/1 levels left

rFire   . . .      SeeInvis .    a - +2 dagger
rCold   . . .      Faith    .    (no shield)
rNeg    . . .      Spirit   .    b - +0 robe
rPois   .          Reflect  .    (no helmet)
rElec   .          Harm     .    c - +0 cloak
rCorr   .          Rampage  .    (no gloves)
Will    .....                    (no boots)
Stlth   ++++                     (no amulet)
HPRegen 0.23/turn                (no ring)
MPRegen 0.08/turn                (no ring)

@: no status effects
A: small, no large weapons, nightstalker 3
a: no special abilities


You were on level 3 of the Dungeon.
You visited 1 branch of the dungeon, and saw 3 of its levels.

You collected 30 gold pieces.

Inventory:

Hand Weapons
 a - a +2 dagger (weapon)
Missiles
 d - 9 poisoned darts (quivered)
 e - 3 curare-tipped darts
Armour
 b - a +0 robe (worn)
 c - a +0 cloak (worn)
Scrolls
 g - a scroll of identify {unknown}
Potions
 f - a potion of attraction {unknown}
 h - a potion of might {unknown}
 i - a potion of mutation {unknown}


   Skills:
 + Level 2.5 Fighting
 + Level 3.1 Short Blades
 - Level 2.2 Throwing
 - Level 1.3 Dodging
 * Level 5.8 Stealth


You had one spell level left.
You didn't know any spells.
Your spell library was empty.

Dungeon Overview and Level Annotations

Branches:
Dungeon (3/15)

Altars:

Portals:
Sewer: D:3


Innate Abilities, Weirdness & Mutations

You are small and have problems with some larger weapons.
You are completely attuned to the shadows.


Message History

There is an open door here.
You hear the rusting of a distant drain.
There is an open door here.
A rat comes into view.
The helpless rat fails to defend itself.
You impale the rat!!
You kill the rat!
A ball python and a rat come into view.
You hit the ball python.
You kill the ball python!
You see here a ball python corpse.
You enter the shallow water.
Moving in this stuff is going to be slow.
The helpless rat fails to defend itself.
You skewer the rat like a kebab!!!
You kill the rat!
You open the door.
A rat, a giant cockroach, an adder and a river rat come into view.
Found a glowing drain.
You hit the river rat but do no damage. The river rat barely misses you.
Your unstable footing causes you to fumble your attack.
The river rat misses you.
Your unstable footing causes you to fumble your attack.
The river rat bites you.
You hit the river rat.
The river rat is lightly wounded.
The river rat closely misses you.
You barely miss the river rat.
The river rat is lightly wounded.
The river rat barely misses you.
You hit the river rat.
The river rat is heavily wounded.
The rat misses you. The giant cockroach closely misses you.
The river rat bites you. The rat barely misses you.
The giant cockroach splashes around in the water.
There is an open door, spattered with blood here.
You barely miss the river rat.
The river rat is heavily wounded.
The river rat bites you!
You die...

.#
###......##
.#
###......
## #.....~
#...~~~
#..~~~~
#.†~~#####
#..~~+~~~#
#.~~r#r∩S#
#.~~~@B~~#
##########


You could see an adder (asleep), a river rat, a giant cockroach and a rat.

Vanquished Creatures
  An adder (D:3)
  A dart slug (D:1)
  2 giant cockroaches (D:3)
  A ball python (D:3)
  A bat (D:1)
  3 rats (D:3)
9 creatures vanquished.

Notes
Turn   | Place    | Note
-------+----------+-------------------------------------------
     0 | D:1      | Farfigtubin the Kobold Brigand began the quest for the Orb.
     0 | D:1      | Reached XP level 1. HP: 12/12 MP: 1/1
   242 | D:3      | Reached XP level 2. HP: 18/18 MP: 2/2
   442 | D:3      | Found a glowing drain.
   452 | D:3      | Slain by a river rat

Illustrated notes

Levels and vault maps discovered:
D:1:      minmay_arrival_three_doors, layout_rooms
D:2:      layout_loops_ring
D:3:      layout_basic, portal_sewer_entry_e

Skill      XL: |  1 |
---------------+----+-----
Short Blades   | 3 |  3.1
Fighting       | |  2.5
Throwing       | |  2.2
Dodging        | |  1.3
Stealth        | |  5.8

Action                     || total
---------------------------++-------
  Melee: Dagger            ||    21
         Punch             ||     1
   Stab: Sleeping          ||     5
 Armour: Robe              ||     1
  Dodge: Dodged            ||    12

Table legend: (Time is in decaauts)
 A = Elapsed time spent in this place.
 B = Non-inter-level travel time spent in this place.
 C = Inter-level travel time spent in this place.
 D = Time resting spent in this place.
 E = Time spent auto-exploring this place.
 F = Levels seen in this place.
 G = Mean time per level.
                   A        B        C        D        E       F      G
               +--------+--------+--------+--------+--------+-----+--------+
         Total |    449 |    449 |      0 |      0 |      0 |   3 |  149.7 |
       Dungeon |    449 |    449 |      0 |      0 |      0 |   3 |  149.7 |
               +--------+--------+--------+--------+--------+-----+--------+

Top non-repeatable levels by time:
     D:3: 250 daAuts
     D:2: 109 daAuts
     D:1: 89 daAuts
